DSL
DSL ST. LOUIS CARDINALS @ DSL HOUSTON ASTROS
07/08/2041
 
TOP OF THE 1ST
DSL St. Louis Cardinals batting - Pitching for DSL Houston Astros : RHP Brendan Beatty
Pitching: RHP Brendan Beatty
Batting: SHB Dan Carter 0-0: Called Strike
0-1: Ball
1-1: Swinging Strike
1-2: Ground out U3 (Groundball, 3, EV 86.3 MPH)
Batting: RHB Luis Montés 0-0: Foul Ball, location: 25FF
0-1: Ball
1-1: Ball
2-1: Ball
3-1: Foul Ball, location: 2F
3-2: Base on Balls
Batting: RHB Jorge Fernández 0-0: Ball
1-0: Ball
2-0: Called Strike
Luis Montés steals 2nd base
2-1: Foul Ball, location: 23F
2-2: Strikes out looking
Batting: RHB Jeff Robertson 0-0: Ball
1-0: Ball
2-0: Called Strike
2-1: Foul Ball, location: 9LMF
2-2: Ball
3-2: SINGLE (Groundball, 3S, EV 61.9 MPH) (infield hit)
Luis Montés to third
Batting: RHB Dylan van de Laak 0-0: Ball
1-0: Foul Ball, location: 3F
1-1: Foul Ball, location: 7LSFF
1-2: Ball
2-2: Foul Ball, location: 5F
2-2: Ball
3-2: Foul Ball, location: 3FF
3-2: Foul Ball, location: 9LSF
3-2: Base on Balls
Jeff Robertson to second
Batting: RHB Robinson Pérez 0-0: Called Strike
0-1: Ball
1-1: Ball
2-1: Ball
3-1: Foul Ball, location: 9LMF
3-2: Base on Balls
Luis Montés scores
Jeff Robertson to third
Dylan van de Laak to second
Batting: LHB Nacho Pérez 0-0: Called Strike
0-1: Ball
1-1: Swinging Strike
1-2: Ball
2-2: Ball
3-2: Foul Ball, location: 2F
3-2: Foul Ball, location: 5DF
3-2: Foul Ball, location: 9LDF
3-2: Strikes out swinging
Top of the 1st over - 1 run, 1 hit, 0 errors, 3 left on base; DSL St. Louis 1 - DSL Houston 0
BOTTOM OF THE 1ST
DSL Houston Astros batting - Pitching for DSL St. Louis Cardinals : LHP Jorge Herrera
Pitching: LHP Jorge Herrera
Batting: RHB Dave Byers 0-0: Foul Ball, location: 3SF
0-1: Ball
1-1: DOUBLE (Groundball, 3L, EV 106.9 MPH)
Batting: RHB Gabe Hurt Balk!
Dave Byers to third
0-0: Ball
1-0: Foul Ball, location: 9LSF
1-1: Called Strike
1-2: Strikes out looking
Batting: RHB Hugh Burns 0-0: Ball
1-0: Foul Ball, location: 5DF
1-1: 2-RUN HOME RUN (Flyball, 78XD, EV 103.1 MPH), Distance : 433 ft
Batting: RHB Cliff Hoover 0-0: Called Strike
0-1: Foul Ball, location: 9LDF
0-2: Strikes out swinging
Batting: RHB Jeff Brown 0-0: Foul Ball, location: 5SF
0-1: Ground out 6-3 (Groundball, 6, EV 108.1 MPH)
Bottom of the 1st over - 2 runs, 2 hits, 0 errors, 0 left on base; DSL St. Louis 1 - DSL Houston 2
TOP OF THE 2ND
DSL St. Louis Cardinals batting - Pitching for DSL Houston Astros : RHP Brendan Beatty
Batting: RHB Raúl Mendoza 0-0: Called Strike
0-1: Foul Ball, location: 3F
0-2: Ball
1-2: Strikes out looking
Batting: RHB Isaac Dean 0-0: Called Strike
0-1: Ball
1-1: Foul Ball, location: 9LMF
1-2: Strikes out looking
Batting: SHB Dan Carter 0-0: Called Strike
0-1: Foul Ball, location: 3F
0-2: Fly out, F7 (Flyball, 7, EV 78.8 MPH)
Top of the 2nd over - 0 runs, 0 hits, 0 errors, 0 left on base; DSL St. Louis 1 - DSL Houston 2
BOTTOM OF THE 2ND
DSL Houston Astros batting - Pitching for DSL St. Louis Cardinals : LHP Jorge Herrera
Batting: SHB Joe Pratt 0-0: Called Strike
0-1: Swinging Strike
0-2: Strikes out swinging
Batting: RHB Alfredo Pacheco 0-0: Ball
1-0: Foul Ball, location: 3F
1-1: Called Strike
1-2: Foul Ball, location: 23F
1-2: Ball
2-2: Strikes out swinging
Batting: RHB Whit Smith 0-0: Called Strike
0-1: Called Strike
0-2: Ball
1-2: Ball
2-2: Ball
3-2: Strikes out swinging
Bottom of the 2nd over - 0 runs, 0 hits, 0 errors, 0 left on base; DSL St. Louis 1 - DSL Houston 2
TOP OF THE 3RD
DSL St. Louis Cardinals batting - Pitching for DSL Houston Astros : RHP Brendan Beatty
Batting: RHB Luis Montés 0-0: Called Strike
0-1: Swinging Strike
0-2: Ball
1-2: Strikes out swinging
Batting: RHB Jorge Fernández 0-0: Ball
1-0: Ball
2-0: Called Strike
2-1: Ball
3-1: Base on Balls
Batting: RHB Jeff Robertson 0-0: Ball
1-0: Called Strike
Jorge Fernández is caught stealing 2nd base 2-4
1-1: Ball
2-1: DOUBLE (Flyball, 89XD, EV 90.6 MPH)
Batting: RHB Dylan van de Laak 0-0: Foul Ball, location: 9LMF
0-1: Swinging Strike
0-2: Strikes out swinging
Top of the 3rd over - 0 runs, 1 hit, 0 errors, 1 left on base; DSL St. Louis 1 - DSL Houston 2
BOTTOM OF THE 3RD
DSL Houston Astros batting - Pitching for DSL St. Louis Cardinals : LHP Jorge Herrera
Batting: RHB Darrell Jones 0-0: Called Strike
0-1: Foul Ball, location: 2LF
0-2: Ball
1-2: Strikes out looking
Batting: RHB Dave Byers 0-0: Called Strike
0-1: SOLO HOME RUN (Flyball, 7D, EV 96.3 MPH), Distance : 382 ft
Batting: RHB Gabe Hurt 0-0: Ball
1-0: Ball
2-0: Foul Ball, location: 25F
2-1: Swinging Strike
2-2: Strikes out swinging
Batting: RHB Hugh Burns 0-0: Called Strike
0-1: Fly out, F5 (Line Drive, 56, EV 72.5 MPH)
Bottom of the 3rd over - 1 run, 1 hit, 0 errors, 0 left on base; DSL St. Louis 1 - DSL Houston 3
TOP OF THE 4TH
DSL St. Louis Cardinals batting - Pitching for DSL Houston Astros : RHP Brendan Beatty
Batting: RHB Robinson Pérez 0-0: Ball
1-0: Foul Ball, location: 5F
1-1: Swinging Strike
1-2: Strikes out swinging
Batting: LHB Nacho Pérez 0-0: Ball
1-0: Foul Ball, location: 7LMF
1-1: Ball
2-1: Foul Ball, location: 9LMF
2-2: Foul Ball, location: 2F
2-2: Strikes out swinging
Batting: RHB Raúl Mendoza 0-0: Ball
1-0: Called Strike
1-1: Fly out, F6 (Popup, 6MS, EV 66.9 MPH)
Top of the 4th over - 0 runs, 0 hits, 0 errors, 0 left on base; DSL St. Louis 1 - DSL Houston 3
BOTTOM OF THE 4TH
DSL Houston Astros batting - Pitching for DSL St. Louis Cardinals : LHP Jorge Herrera
Batting: RHB Cliff Hoover 0-0: Called Strike
0-1: Ball
1-1: Foul Ball, location: 7LSF
1-2: Ball
2-2: Strikes out looking
Batting: RHB Jeff Brown 0-0: Ball
1-0: Foul Ball, location: 2F
1-1: Called Strike
1-2: Ground out 5-3 (Groundball, 56, EV 103.8 MPH)
Batting: SHB Joe Pratt 0-0: Called Strike
0-1: Swinging Strike
0-2: Strikes out looking
Bottom of the 4th over - 0 runs, 0 hits, 0 errors, 0 left on base; DSL St. Louis 1 - DSL Houston 3
TOP OF THE 5TH
DSL St. Louis Cardinals batting - Pitching for DSL Houston Astros : RHP Brendan Beatty
Batting: RHB Isaac Dean 0-0: Foul Ball, location: 2F
0-1: Foul Ball, location: 5F
0-2: Strikes out swinging
Batting: SHB Dan Carter 0-0: Ground out 4-3 (Groundball, 4M, EV 88.8 MPH)
Batting: RHB Luis Montés 0-0: Called Strike
0-1: Foul Ball, location: 9LMF
0-2: Strikes out swinging
Top of the 5th over - 0 runs, 0 hits, 0 errors, 0 left on base; DSL St. Louis 1 - DSL Houston 3
BOTTOM OF THE 5TH
DSL Houston Astros batting - Pitching for DSL St. Louis Cardinals : LHP Jorge Herrera
Batting: RHB Alfredo Pacheco 0-0: Ball
1-0: Ball
2-0: Ball
3-0: Called Strike
3-1: Ground out 6-3 (Groundball, 56, EV 83.8 MPH)
Batting: RHB Whit Smith 0-0: Ball
1-0: Called Strike
1-1: Ground out 4-3 (Groundball, 4, EV 91.9 MPH)
Batting: RHB Darrell Jones 0-0: Ball
1-0: Called Strike
1-1: Ball
2-1: Ball
3-1: Fly out, F7 (Flyball, 7, EV 94.4 MPH)
Bottom of the 5th over - 0 runs, 0 hits, 0 errors, 0 left on base; DSL St. Louis 1 - DSL Houston 3
TOP OF THE 6TH
DSL St. Louis Cardinals batting - Pitching for DSL Houston Astros : RHP Brendan Beatty
Batting: RHB Jorge Fernández 0-0: Ball
1-0: Foul Ball, location: 9LSF
1-1: Ball
2-1: Called Strike
2-2: Ball
3-2: Ground out 6-3 (Groundball, 6S, EV 88.1 MPH)
Batting: RHB Jeff Robertson 0-0: Ball
1-0: Fly out, F9 (Flyball, 9LM, EV 93.8 MPH)
Batting: RHB Dylan van de Laak 0-0: Ball
1-0: Ball
2-0: Called Strike
2-1: Swinging Strike
2-2: Ball
3-2: Strikes out swinging
Top of the 6th over - 0 runs, 0 hits, 0 errors, 0 left on base; DSL St. Louis 1 - DSL Houston 3
BOTTOM OF THE 6TH
DSL Houston Astros batting - Pitching for DSL St. Louis Cardinals : LHP Jorge Herrera
Batting: RHB Dave Byers 0-0: Ball
1-0: Ball
2-0: Ball
3-0: Base on Balls
Batting: RHB Gabe Hurt 0-0: Swinging Strike
0-1: Fielders Choice at 2nd, 3-6 (Groundball, 3S, EV 81.3 MPH)
Batting: RHB Hugh Burns 0-0: Ball
1-0: Foul Ball, location: 2F
1-1: Ball
2-1: Called Strike
2-2: Foul Ball, location: 2F
2-2: Strikes out swinging
Batting: RHB Cliff Hoover 0-0: Ball
1-0: Called Strike
1-1: Ball
2-1: Foul Ball, location: 2F
2-2: Strikes out swinging
Bottom of the 6th over - 0 runs, 0 hits, 0 errors, 1 left on base; DSL St. Louis 1 - DSL Houston 3
TOP OF THE 7TH
DSL St. Louis Cardinals batting - Pitching for DSL Houston Astros : RHP Brendan Beatty
Pitching: RHP Rob Thompson
Pinch Hitting: LHB Robinson González 0-0: Ball
1-0: Foul Ball, location: 9LSFF
1-1: Ball
2-1: Ball
3-1: DOUBLE (Line Drive, 7LS, EV 88.1 MPH)
Pinch Hitting: LHB Robinson Salas 0-0: Foul Ball, location: 7LMF
0-1: Foul Ball, location: 25F
0-2: Ball
1-2: Ball
2-2: Fly out, F9 (Flyball, 9, EV 91.3 MPH)
Batting: RHB Raúl Mendoza 0-0: Ball
1-0: Ball
2-0: Fly out, F9 (Flyball, 9LM, EV 86.9 MPH)
Runner from 2nd tags up, OUT at 3rd! 9-5
Top of the 7th over - 0 runs, 1 hit, 0 errors, 0 left on base; DSL St. Louis 1 - DSL Houston 3
BOTTOM OF THE 7TH
DSL Houston Astros batting - Pitching for DSL St. Louis Cardinals : LHP Jorge Herrera
Pitching: RHP Juan García
Now at 1B: Robinson González
Now at 2B: Jorge Fernández
Now at 3B: Robinson Salas
Pinch Hitting: LHB Jorge Ramos 0-0: Ground out 4-3 (Groundball, 4, EV 98.1 MPH)
Batting: SHB Joe Pratt 0-0: Called Strike
0-1: Ball
1-1: Swinging Strike
1-2: Strikes out looking
Batting: RHB Alfredo Pacheco 0-0: SINGLE (Line Drive, 7S, EV 98.8 MPH)
Pinch Hitting: LHB Ed Benton 0-0: Ball
1-0: Called Strike
1-1: Called Strike
1-2: Ball
2-2: Strikes out swinging
Bottom of the 7th over - 0 runs, 1 hit, 0 errors, 1 left on base; DSL St. Louis 1 - DSL Houston 3
TOP OF THE 8TH
DSL St. Louis Cardinals batting - Pitching for DSL Houston Astros : RHP Rob Thompson
Now at 1B: Juan Carlos Domínguez
Now in LF: Jorge Ramos
Pinch Hitting: LHB Steve Crosby 0-0: Called Strike
0-1: Swinging Strike
0-2: Strikes out swinging
Batting: SHB Dan Carter 0-0: Foul Ball, location: 2F
0-1: SOLO HOME RUN (Flyball, 9D, EV 98.1 MPH), Distance : 387 ft
Pinch Hitting: RHB Luis Rodríguez 0-0: Ball
1-0: Fly out, F9 (Line Drive, 9, EV 95.0 MPH)
Batting: RHB Jorge Fernández 0-0: Ball
1-0: Ball
2-0: Ball
3-0: Base on Balls
Batting: RHB Jeff Robertson 0-0: Foul Ball, location: 23F
0-1: Ball
1-1: Fly out, F8 (Flyball, 78D, EV 102.5 MPH)
Top of the 8th over - 1 run, 1 hit, 0 errors, 1 left on base; DSL St. Louis 2 - DSL Houston 3
BOTTOM OF THE 8TH
DSL Houston Astros batting - Pitching for DSL St. Louis Cardinals : RHP Juan García
Now at SS: Jorge Zúñiga
Now in CF: Luis Rodríguez
Batting: RHB Darrell Jones 0-0: Called Strike
0-1: Swinging Strike
0-2: Ball
1-2: Foul Ball, location: 2F
1-2: Strikes out looking
Batting: RHB Dave Byers 0-0: Swinging Strike
0-1: Ball
1-1: Ball
2-1: Ball
3-1: Foul Ball, location: 9LMF
3-2: Foul Ball, location: 2F
3-2: Strikes out looking
Pinch Hitting: LHB Jon Burton 0-0: Foul Ball, location: 7LDF
0-1: Foul Ball, location: 2F
0-2: Strikes out looking
Bottom of the 8th over - 0 runs, 0 hits, 0 errors, 0 left on base; DSL St. Louis 2 - DSL Houston 3
TOP OF THE 9TH
DSL St. Louis Cardinals batting - Pitching for DSL Houston Astros : RHP Rob Thompson
Pitching: RHP Ed Fowler
Now in LF: Zach Davis
Now in RF: Jorge Ramos
Pinch Hitting: SHB Jim Brearton 0-0: Ball
1-0: Called Strike
1-1: Swinging Strike
1-2: Ground out U3 (Groundball, 3, EV 100.0 MPH)
Batting: LHB Robinson González 0-0: Ball
1-0: Called Strike
1-1: Foul Ball, location: 5SF
1-2: Foul Ball, location: 2F
1-2: Strikes out looking
Batting: LHB Robinson Salas 0-0: Ball
1-0: Ball
2-0: Ball
3-0: Base on Balls
Pinch Hitting: RHB Héctor Mejía 0-0: Ball
1-0: Ball
2-0: Ball
3-0: Swinging Strike
3-1: Called Strike
3-2: Strikes out looking
Top of the 9th over - 0 runs, 0 hits, 0 errors, 1 left on base; DSL St. Louis 2 - DSL Houston 3
Wednesday, April 3rd , 2024 - OOTP Baseball 24.10 Build 82